 Dungeon Crawl Stone Soup version 0.27.0-65-ge2af304b15 (webtiles) character file.

Game seed: 1609967936865170520

1328 Malachi the Grappler (level 8, 0/63 HPs)
             Began as a Ghoul Monk on Aug 19, 2021.
             Was a High Priest of Nemelex Xobeh.
             Slain by a killer bee (8 damage)
             ... on level 6 of the Dungeon.
             The game lasted 00:07:59 (6536 turns).

Malachi the Grappler (Ghoul Monk)                   Turns: 6536, Time: 00:08:00

Health: 0/63       AC:  9    Str: 17    XL:     8   Next: 60%
Magic:  21/21      EV: 11    Int:  5    God:    Nemelex Xobeh [*****.]
Gold:   222        SH:  0    Dex: 11    Spells: 7/7 levels left

rFire    + . .     SeeInvis +   q - +7 great sword "Gitacw" {freeze, MP+9 SInv}
rCold    + . .     Faith    .   (shield currently unavailable)
rNeg     + + +     Spirit   .   p - +0 ring mail {rC+}
rPois    ∞         Reflect  .   h - +0 helmet
rElec    .         Harm     .   (no cloak)
rCorr    .         Rampage  .   r - +0 pair of gloves
Will     +....                  j - +1 pair of boots
Stlth    +.........             (no amulet)
HPRegen  0.00/turn              i - ring of willpower
MPRegen  0.17/turn              u - ring of fire

@: flying, inhibited regen
A: claws 1, cold resistance 1, negative energy resistance 3, inhibited
regeneration, torment resistance 2
a: Renounce Religion, Draw Escape, Draw Destruction, Draw Summoning, Triple
Draw, Deal Four, Stack Five


You were on level 6 of the Dungeon.
You worshipped Nemelex Xobeh.
Nemelex Xobeh was extremely pleased with you.
You visited 1 branch of the dungeon, and saw 6 of its levels.

You collected 222 gold pieces.

Inventory:

Hand Weapons
 q - the +7 great sword "Gitacw" (weapon) {freeze, MP+9 SInv}
   (You found it on level 5 of the Dungeon)

   It freezes those it strikes, dealing additional cold damage.
   It can also slow down cold-blooded creatures.
   MP:        It affects your magic capacity (+9).
   SInv:      It lets you see invisible.
Armour
 h - a +0 helmet (worn)
 j - a +1 pair of boots (worn)
 p - a +0 ring mail of cold resistance (worn)
 r - a +0 pair of gloves (worn)
Magical Staves
 b - a staff of air
Jewellery
 i - a ring of willpower (left hand)
 u - a ring of fire (right hand)
Wands
 a - a wand of flame (15)
 o - a wand of digging (5)
 t - a wand of iceblast (8)
Scrolls
 e - a scroll of enchant weapon
 g - a scroll of fear
 k - a scroll of vulnerability
 m - 2 scrolls of teleportation
 s - a scroll of identify
Potions
 c - 2 potions of flight
 d - a potion of curing
 f - 3 potions of attraction {unknown}
 l - 2 potions of lignification {unknown}
 n - a potion of cancellation {unknown}


   Skills:
 - Level 3.5 Fighting
 * Level 2.4 Long Blades
 - Level 2.8 Dodging
 - Level 2.2 Stealth
 - Level 8.1 Unarmed Combat
 * Level 7.3 Invocations


You had 7 spell levels left.
You didn't know any spells.
Your spell library contained the following spells:

 Spells                   Type           Power      Damage    Failure   Level
 Gell's Gravitas          Tloc           0%         N/A       96%         3
 Lesser Beckoning         Tloc           0%         N/A       96%         3
 Teleport Other           Tloc           0%         N/A       96%         3
 Airstrike                Air            0%         N/A       100%        4
 Fulminant Prism          Conj/Hex       0%         3d6       100%        4
 Iskenderun's Mystic Bla  Conj/Tloc      0%         2d3       100%        4
 Summon Lightning Spire   Summ/Air       0%         N/A       100%        4
 Lee's Rapid Deconstruct  Erth           0%         3d5*      100%        5
 Lightning Bolt           Conj/Air       0%         1d11      100%        5


Dungeon Overview and Level Annotations

Branches:
Dungeon (6/15)             Temple (0/1) D:4

Altars:
Cheibriados
Elyvilon
Fedhas
Kikubaaqudgha
Makhleb
Nemelex Xobeh
Okawaru
Qazlal
Wu Jian

Shops:
D:3 (


Innate Abilities, Weirdness & Mutations

You thrive by killing the living.
You are immune to poison.
You have sharp fingernails.
Your flesh is cold resistant. (rC+)
You are immune to negative energy. (rN+++)
You do not regenerate when monsters are visible.
You are immune to unholy pain and torment.


Message History

Unknown command.
You draw a card...
You have drawn Pain.
Press: ? - help, Shift-Dir - straight line, f - killer bee
Aim: a killer bee (moderately wounded)
The killer bee convulses!
The killer bee stings you.
* * * LOW HITPOINT WARNING * * *
The killer bee closely misses you. The killer bee stings you.
* * * LOW HITPOINT WARNING * * *
The killer bee closely misses you.
You draw a card...
You have drawn the Swarm.
The killer bee misses you. The killer bee closely misses you.
The killer bee stings you.
* * * LOW HITPOINT WARNING * * *
The killer bee barely misses you.
You riposte.
You closely miss the killer bee.
The killer bee is heavily wounded.
It was a potion of flight.
You feel very buoyant.
You fly up into the air.
The killer bee stings you but does no damage.
The killer bee stings you.
* * * LOW HITPOINT WARNING * * *
The killer bee stings you but does no damage.
The killer bee barely misses you.
It was a potion of curing.
You feel better.
Your killer bee stings the killer bee.
The killer bee stings you but does no damage.
The killer bee stings you.
* * * LOW HITPOINT WARNING * * *
Your killer bee barely misses the killer bee.
The killer bee closely misses you.
Your killer bee barely misses the killer bee.
The killer bee stings you but does no damage.
Your killer bee stings the killer bee!
The killer bee dies!
You draw a card...
You have drawn the Dance.
The killer bee stings your killer bee.
Your killer bee closely misses the killer bee.
The killer bee stings you!
You die...
Your body disappears without a glow.

..#. #....... #...
.# #....... #. #..#
.# #....... #.#
#..##.### #####.##
###..####........ #
...... !.....#
#.##...###?..# #
#.#.........y##...#
#........(.@y......
#........###y##...#
#..#...#.# y# ##
#..#...#.# .#
##....#...# .#
......###..# .#
###...>#...# .. #
#......#.# ## #
##.....##.# #####


You could see 2 killer bees, 2 friendly killer bees and a friendly -1 trident
(summoned).

Vanquished Creatures
  A blink frog (D:3)
  An acid dragon (D:4)
  Duvessa (D:5)
  An ice beast (D:5)
  An ogre (D:5)
  A scorpion (D:6)
  Dowan (D:5)
  2 killer bees (D:6)
  2 hounds
  A jelly (D:4)
  2 orc priests
  Terence (D:2)
  4 iguanas
  An orc wizard (D:6)
  A killer bee zombie (D:5)
  2 hound skeletons
  7 adders
  3 gnolls (D:3)
  A white imp (D:6)
  2 ufetubi
  2 worms
  4 dart slugs
  3 orcs
  5 bats
  3 endoplasms
  3 giant cockroaches
  13 goblins
  10 hobgoblins
  13 jackals
  8 kobolds
  4 quokkas
  6 ball pythons
  5 frilled lizards
  5 rats
120 creatures vanquished.

Vanquished Creatures (collateral kills)
  A killer bee (D:6)
1 creature vanquished.

Vanquished Creatures (others)
  4 plants (D:5)
4 creatures vanquished.

Grand Total: 125 creatures vanquished

Notes
Turn   | Place    | Note
-------+----------+-------------------------------------------
     0 | D:1      | Malachi the Ghoul Monk began the quest for the Orb.
     0 | D:1      | Reached XP level 1. HP: 19/19 MP: 0/0
   131 | D:1      | Found a faded altar of an unknown god.
   173 | D:1      | Reached XP level 2. HP: 26/26 MP: 1/1
   205 | D:1      | Became a worshipper of Nemelex Xobeh the Trickster
   205 | D:1      | Reached * piety under Nemelex Xobeh
   205 | D:1      | Received a gift from Nemelex Xobeh
   205 | D:1      | Reached ** piety under Nemelex Xobeh
   270 | D:1      | Reached skill level 4 in Unarmed Combat
   446 | D:1      | Reached XP level 3. HP: 20/31 MP: 2/2
   692 | D:1      | Reached *** piety under Nemelex Xobeh
   909 | D:1      | Received a gift from Nemelex Xobeh
  1191 | D:2      | Reached skill level 1 in Invocations
  1316 | D:2      | Reached XP level 4. HP: 36/38 MP: 3/3
  1591 | D:2      | Noticed Terence
  1600 | D:2      | Killed Terence
  1601 | D:2      | Reached skill level 5 in Unarmed Combat
  1807 | D:2      | Noticed Robin
  1818 | D:2      | Noticed Robin
  1818 | D:2      | Robin changed into Robin the hound
  1826 | D:2      | Killed Robin the hound
  1827 | D:2      | Reached XP level 5. HP: 30/45 MP: 5/5
  2165 | D:3      | Received a gift from Nemelex Xobeh
  2279 | D:3      | Found Takeam's Antique Weapon Emporium.
  2605 | D:3      | Found an ancient bone altar of Kikubaaqudgha.
  2609 | D:3      | Noticed a blink frog
  2609 | D:3      | a worm changed into a blink frog
  2625 | D:3      | Killed a blink frog
  2626 | D:3      | Reached skill level 6 in Unarmed Combat
  2626 | D:3      | Reached XP level 6. HP: 18/51 MP: 6/8
  3455 | D:4      | Reached **** piety under Nemelex Xobeh
  3472 | D:4      | Noticed an acid dragon
  3472 | D:4      | an ogre changed into an acid dragon
  3477 | D:4      | Killed an acid dragon
  3478 | D:4      | Reached XP level 7. HP: 57/57 MP: 9/9
  3653 | D:4      | Received a gift from Nemelex Xobeh
  3674 | D:4      | Found a staircase to the Ecumenical Temple.
  3680 | D:4      | Reached skill level 5 in Invocations
  4268 | D:4      | Found an iron altar of Okawaru.
  4268 | D:4      | Found a snail-covered altar of Cheibriados.
  4276 | D:4      | Found a blossoming altar of Fedhas.
  4278 | D:4      | Found an ornate altar of the Wu Jian Council.
  4280 | D:4      | Found a burning altar of Makhleb.
  4286 | D:4      | Received a gift from Nemelex Xobeh
  4717 | D:5      | Entered Level 5 of the Dungeon
  4800 | D:5      | Reached skill level 7 in Unarmed Combat
  4959 | D:5      | Noticed Duvessa
  4959 | D:5      | Noticed Dowan
  4982 | D:5      | Killed Duvessa
  4983 | D:5      | Reached XP level 8. HP: 52/63 MP: 11/11
  4995 | D:5      | Killed Dowan
  5037 | D:5      | Reached skill level 8 in Unarmed Combat
  5418 | D:5      | Identified the +7 great sword "Gitacw" {freeze, MP+9 SInv}
  5607 | D:5      | Received a gift from Nemelex Xobeh
  5611 | D:5      | Noticed Sigmund
  5614 | D:5      | Noticed Sigmund
  5614 | D:5      | Sigmund changed into Sigmund the iguana
  5617 | D:5      | Killed Sigmund the iguana
  5678 | D:5      | Found a stormy altar of Qazlal.
  5910 | D:6      | Reached skill level 1 in Long Blades
  5910 | D:6      | Reached ***** piety under Nemelex Xobeh
  6495 | D:6      | Received a gift from Nemelex Xobeh
  6534 | D:6      | HP: 2/63 [killer bee (4)]
  6536 | D:6      | Slain by a killer bee

Illustrated notes

Levels and vault maps discovered:
D:1:      lemuel_arrival_room, layout_loops_ring,
          shapermc_ecumenical_altar_acropolis
D:2:      layout_basic, basic_altar, kennysheep_generic_room_4, uniq_terence,
          uniq_robin
D:3:      kb_forest_paths, layout_basic, mainiacjoe_overflow_brackets,
          serial_shops, nicolae_shop_waterfront
D:4:      layout_basic, chequers_temple_overflow_minitemple,
          minmay_temple_entry_stoned_glass, minmay_hedge_maze
D:5:      layout_basic, mainiacjoe_overflow_cross_hatched, marbit_many_paths,
          minmay_misc_feat_ornament, uniq_sigmund, uniq_duvessa
D:6:      layout_loops_ring, lightli_temple_of_fire, uniq_edmund

Skill      XL: |  1  2  3  4  5  6  7  8 |
---------------+-------------------------+-----
Unarmed Combat | 4 5 6 7 8 |  8.1
Invocations    | 1 2 4 6 7 |  7.3
Long Blades    | 2 |  2.4
Fighting       | |  3.5
Dodging        | |  2.8
Stealth        | |  2.2

Action                   |  1- 3 |  4- 6 |  7- 9 || total
-------------------------+-------+-------+-------++-------
Melee: Unarmed           |   103 |   142 |    70 ||   315
       Punch             |     4 |     2 |     1 ||     7
       Great sword       |       |       |    23 ||    23
Invok: Draw Destruction  |     5 |    13 |     8 ||    26
       Draw Summoning    |       |     1 |     2 ||     3
  Use: Scroll            |       |       |     6 ||     6
       Potion            |       |       |     2 ||     2
 Stab: Sleeping          |     2 |     2 |       ||     4
Armor: Robe              |    16 |    29 |     3 ||    48
       Ring mail         |       |       |    40 ||    40
Dodge: Dodged            |    45 |    82 |    56 ||   183
       Rpst.: Great sword |       |       |     9 ||     9
